Saguenéens vs Remparts
Created - April 1, 2019 at 19:02
Goals
|
| Saguenéens |
2 |
1 |
3 |
6 |
| Remparts |
0 |
1 |
1 |
2 |
|
Shots
|
| Saguenéens |
12 |
6 |
10 |
28 |
| Remparts |
10 |
21 |
15 |
46 |
|
1st period
1. Saguenéens , Luke Witkowski 50 (Nathan MacKinnon 44) at 19:14
2. Saguenéens , Juraj Mikus 38 (Tobias Rieder 40, Bobby Sanguinetti 47) at 19:31
Penalties :
Roberts Lipsbergs (Que) for Hooking (Minor) at 14:39
2nd period
3. Remparts , Brandon Mashinter 21 (Nail Yakupov 16) at 7:45
4. Saguenéens , Jerry D'Amigo 10 (Nick Paul 1) at 10:59
Penalties :
Kerby Rychel (Chi) for Hooking (Minor) at 0:17, Nick Mattson (Chi) for Hooking (Minor) at 4:44, Kerby Rychel (Chi) for Holding (Minor) at 11:31
3rd period
5. Saguenéens , Luke Witkowski 51 (Nathan MacKinnon 45) at 7:18
6. Saguenéens , Juraj Mikus 39 (Tobias Rieder 41, Bobby Sanguinetti 48) at 9:17 (PP)
7. Remparts , Nail Yakupov 21 (Michal Jordan 25, Griffin Reinhart 23) at 11:33
8. Saguenéens , Kyle Brodziak 39 (Seth Jones 53, Rhett Rakhshani 14) at 16:41
Penalties :
Daniel Paille (Que) for Roughing (Minor) at 8:00, Erik Gustafsson (Que) for Hooking (Minor) at 17:10
Goalie Stats
Martin Jones (Chi), 44 saves from 46 shots - (0.957), W, 31-13-5, 60:00 minutes
Tyler Plante (Que), 5 saves from 6 shots - (0.833), 10:43 minutes
Jason Missiaen (Que), 17 saves from 22 shots - (0.773), L, 24-19-2, 49:17 minutes
Players Stats for Saguenéens
Player Name G A P +/- PIM S H SB GA TA FO MP PP MP PK MP
------------------------------------------------------------------------------------
Bobby Sanguinetti 0 2 2 0 0 4 1 5 2 0 0/0 27:10 3:39 3:21
Calle Andersson 0 0 0 0 0 0 0 0 1 0 0/0 14:07 0:00 0:00
Dalton Prout 0 0 0 0 0 0 1 1 2 1 0/0 27:10 3:39 3:21
Jake McCabe 0 0 0 3 0 1 1 1 0 0 0/0 18:43 1:36 2:36
Jerry D'Amigo 1 0 1 0 0 3 1 2 0 0 0/0 9:43 0:00 0:54
Juraj Mikus 2 0 2 1 0 5 2 0 0 0 5/13 16:50 2:42 1:48
Kerby Rychel 0 0 0 1 4 0 3 0 0 0 2/2 15:31 2:42 0:00
Kyle Brodziak 1 0 1 1 0 2 0 0 0 0 3/8 13:51 0:00 3:20
Luke Witkowski 2 0 2 1 0 3 3 0 2 0 1/3 23:01 2:33 3:26
Mattias Janmark 0 0 0 0 0 0 0 1 0 0 3/6 8:36 0:00 0:00
Myles Bell 0 0 0 1 0 1 0 0 1 0 0/1 10:22 0:00 0:00
Nathan MacKinnon 0 2 2 1 0 3 1 1 2 0 15/30 19:24 2:33 0:00
Nick Mattson 0 0 0 0 2 2 0 0 0 1 0/0 14:14 0:00 0:00
Nick Paul 0 1 1 0 0 1 1 0 0 0 0/0 8:36 0:00 0:00
Rhett Rakhshani 0 1 1 1 0 0 0 0 1 1 0/0 10:39 0:00 0:00
Seth Jones 0 1 1 3 0 0 0 1 0 0 0/0 18:43 1:36 2:36
Teemu Pulkkinen 0 0 0 1 0 3 2 1 0 0 1/1 20:25 2:33 1:01
Tobias Rieder 0 2 2 1 0 0 1 1 1 0 0/0 16:55 2:42 1:25
Players Stats for Remparts
Player Name G A P +/- PIM S H SB GA TA FO MP PP MP PK MP
------------------------------------------------------------------------------------
Brandon Gormley 0 0 0 -2 0 7 1 0 0 1 0/0 27:32 3:34 2:43
Brandon Mashinter 1 0 1 2 0 3 1 0 0 1 4/6 11:34 0:00 1:46
Cédric Lalonde-McNicoll 0 0 0 -2 0 2 2 1 0 1 6/16 17:21 2:42 1:20
Chris Mueller 0 0 0 -1 0 2 1 0 0 0 2/4 9:00 0:00 0:00
Daniel Paille 0 0 0 -2 2 2 7 0 0 0 0/0 17:54 2:42 1:54
Erik Gustafsson 0 0 0 -1 2 3 2 0 0 2 0/0 24:45 3:34 1:38
Griffin Reinhart 0 1 1 -1 0 3 0 3 1 1 0/0 17:09 2:23 1:02
Guillaume Desbiens 0 0 0 -2 0 6 2 0 0 0 1/2 19:56 3:15 0:00
Justin Williams 0 0 0 -1 0 2 2 0 0 3 0/0 9:00 0:00 0:00
Keaton Thompson 0 0 0 0 0 0 1 0 0 0 0/0 13:55 0:00 0:22
Matt Puempel 0 0 0 2 0 0 1 0 0 0 0/0 10:20 0:00 0:32
Max Reinhart 0 0 0 -2 0 1 1 1 0 1 19/34 22:33 3:15 2:37
Michal Jordan 0 1 1 -2 0 1 0 1 1 1 0/0 20:38 2:23 2:32
Nail Yakupov 1 1 2 2 0 4 1 0 1 0 0/0 9:43 0:00 0:00
Niklas Hansson 0 0 0 0 0 0 0 3 0 1 0/0 16:00 0:00 2:13
Pontus Aberg 0 0 0 -2 0 4 1 1 0 0 1/1 19:56 3:15 0:00
Roberts Lipsbergs 0 0 0 -1 2 0 1 0 0 0 1/1 10:26 0:00 1:22
Ryan Strome 0 0 0 -2 0 6 3 0 0 0 0/0 17:00 2:42 0:59
3 Stars
1 - Luke Witkowski (Chi)
2 - Martin Jones (Chi)
3 - Juraj Mikus (Chi)
Power Play
Saguenéens - 1 on 3 Attempt(s) - 33.33%
Remparts - 0 on 3 Attempt(s) - 0.00%
Penalty Kill
Saguenéens - 3 on 3 Attempt(s) - 100.00%
- Score 0 goal in Penalty Kill
Remparts - 2 on 3 Attempt(s) - 66.67%
- Score 0 goal in Penalty Kill
Team Stat
Saguenéens - Hits : 17 - Faceoff Wins : 30 - Blocked Shots : 14 - Penalty Minutes : 6
Remparts - Hits : 27 - Faceoff Wins : 34 - Blocked Shots : 10 - Penalty Minutes : 6
Official
Referees : Unknown
Linesman : Unknown
Game Notes
Tyler Plante enters game at 9:17 of 3rd period
Finance
Level 1 -- Attendance: 1639 (81.95%) -- Ticket Income $49,170
Level 2 -- Attendance: 684 (68.40%) -- Ticket Income $13,680
Total Attendance: 2323 (77.43%)
Total Ticket Income: $62,850
Other Income: $3,142
Total Income: $65,992
Saguenéens
5 vs 5 Forward
Center Left Wing Right Wing Time % Phy DF OF
1 Nathan MacKinnon Teemu Pulkkinen Luke Witkowski 40 1 2 2
2 Juraj Mikus Kerby Rychel Tobias Rieder 30 1 2 2
3 Kyle Brodziak Myles Bell Rhett Rakhshani 20 1 2 2
4 Mattias Janmark Nick Paul Jerry D'Amigo 10 1 2 2
5 vs 5 Defense
Defense Defense Time % Phy DF OF
1 Dalton Prout Bobby Sanguinetti 40 1 2 2
2 Jake McCabe Seth Jones 30 1 2 2
3 Nick Mattson Calle Andersson 20 1 2 2
4 Dalton Prout Bobby Sanguinetti 10 1 2 2
PowerPlay Forward
Center Left Wing Right Wing Time % Phy DF OF
1 Nathan MacKinnon Teemu Pulkkinen Luke Witkowski 60 1 2 2
2 Juraj Mikus Kerby Rychel Tobias Rieder 40 1 2 2
PowerPlay Defense
Defense Defense Time % Phy DF OF
1 Dalton Prout Bobby Sanguinetti 60 1 2 2
2 Jake McCabe Seth Jones 40 1 2 2
Penalty Kill 4 Players Forward
Center Wing Time % Phy DF OF
1 Kyle Brodziak Luke Witkowski 60 1 2 2
2 Tobias Rieder Juraj Mikus 40 1 2 2
Penalty Kill 4 Players Defense
Defense Defense Time % Phy DF OF
1 Dalton Prout Bobby Sanguinetti 60 1 2 2
2 Jake McCabe Seth Jones 40 1 2 2
Penalty Kill - 3 Players Forward
Forward Time % Phy DF OF
1 Kyle Brodziak 60 1 2 2
2 Luke Witkowski 40 1 2 2
Penalty Kill - 3 Players Defense
Defense Defense Time % Phy DF OF
1 Dalton Prout Bobby Sanguinetti 60 1 2 2
2 Jake McCabe Seth Jones 40 1 2 2
4 vs 4 Forward
Center Wing Time % Phy DF OF
1 Nathan MacKinnon Luke Witkowski 60 1 2 2
2 Tobias Rieder Juraj Mikus 40 1 2 2
4 vs 4 Defense
Defense Defense Time % Phy DF OF
1 Dalton Prout Bobby Sanguinetti 60 1 2 2
2 Jake McCabe Seth Jones 40 1 2 2
Last Minutes Offensive
Center Left Wing Right Wing Defense Defense
Nathan MacKinnon Teemu Pulkkinen Luke Witkowski Dalton Prout Bobby Sanguinetti
Last Minutes Defensive
Center Left Wing Right Wing Defense Defense
Kyle Brodziak Teemu Pulkkinen Luke Witkowski Dalton Prout Bobby Sanguinetti
Goaltenders
Starting : Martin Jones
Backup : Joe Cannata
Extra Forwards
Normal : Rhett Rakhshani, Nathan MacKinnon, Jerry D'Amigo - PP : Rhett Rakhshani, Nathan MacKinnon - PK : Jerry D'Amigo
Extra Defensemen
Normal : Nick Mattson, Calle Andersson, Jake McCabe - PP : Nick Mattson - PK : Calle Andersson, Jake McCabe
Penalty Shots
Kyle Brodziak, Luke Witkowski, Tobias Rieder, Juraj Mikus, Rhett Rakhshani
Scratches
Mikhail Grigorenko (Healthy), Henrik Samuelsson (Healthy), Tanner Richard (Healthy), Patrick Sieloff (Healthy), Dylan Labbe (Healthy)
Mike Sauer (Healthy), Adam Erne (Healthy), Michael Giugovaz (Healthy)
Remparts
5 vs 5 Forward
Center Left Wing Right Wing Time % Phy DF OF
1 Max Reinhart Pontus Aberg Guillaume Desbiens 40 1 2 2
2 Cédric Lalonde-McNicoll Daniel Paille Ryan Strome 30 1 2 2
3 Brandon Mashinter Matt Puempel Nail Yakupov 20 1 2 2
4 Chris Mueller Roberts Lipsbergs Justin Williams 10 1 2 2
5 vs 5 Defense
Defense Defense Time % Phy DF OF
1 Brandon Gormley Erik Gustafsson 40 1 2 2
2 Griffin Reinhart Michal Jordan 30 1 2 2
3 Niklas Hansson Keaton Thompson 20 1 2 2
4 Brandon Gormley Michal Jordan 10 1 2 2
PowerPlay Forward
Center Left Wing Right Wing Time % Phy DF OF
1 Max Reinhart Pontus Aberg Guillaume Desbiens 60 1 2 2
2 Cédric Lalonde-McNicoll Daniel Paille Ryan Strome 40 1 2 2
PowerPlay Defense
Defense Defense Time % Phy DF OF
1 Brandon Gormley Erik Gustafsson 60 1 2 2
2 Michal Jordan Griffin Reinhart 40 1 2 2
Penalty Kill 4 Players Forward
Center Wing Time % Phy DF OF
1 Max Reinhart Daniel Paille 60 1 2 2
2 Cédric Lalonde-McNicoll Ryan Strome 40 1 2 2
Penalty Kill 4 Players Defense
Defense Defense Time % Phy DF OF
1 Brandon Gormley Niklas Hansson 60 1 2 2
2 Michal Jordan Erik Gustafsson 40 1 2 2
Penalty Kill - 3 Players Forward
Forward Time % Phy DF OF
1 Max Reinhart 60 1 2 2
2 Cédric Lalonde-McNicoll 40 1 2 2
Penalty Kill - 3 Players Defense
Defense Defense Time % Phy DF OF
1 Brandon Gormley Niklas Hansson 60 1 2 2
2 Michal Jordan Erik Gustafsson 40 1 2 2
4 vs 4 Forward
Center Wing Time % Phy DF OF
1 Max Reinhart Pontus Aberg 60 1 2 2
2 Cédric Lalonde-McNicoll Ryan Strome 40 1 2 2
4 vs 4 Defense
Defense Defense Time % Phy DF OF
1 Brandon Gormley Erik Gustafsson 60 1 2 2
2 Michal Jordan Griffin Reinhart 40 1 2 2
Last Minutes Offensive
Center Left Wing Right Wing Defense Defense
Max Reinhart Pontus Aberg Guillaume Desbiens Brandon Gormley Erik Gustafsson
Last Minutes Defensive
Center Left Wing Right Wing Defense Defense
Max Reinhart Daniel Paille Ryan Strome Brandon Gormley Niklas Hansson
Goaltenders
Starting : Jason Missiaen
Backup : Tyler Plante
Extra Forwards
Normal : Ryan Strome, Nail Yakupov, Max Reinhart - PP : Ryan Strome, Nail Yakupov - PK : Brandon Mashinter
Extra Defensemen
Normal : Griffin Reinhart, Brandon Gormley, Michal Jordan - PP : Griffin Reinhart - PK : Griffin Reinhart, Michal Jordan
Penalty Shots
Daniel Paille, Ryan Strome, Max Reinhart, Brandon Mashinter, Pontus Aberg
Scratches
Viktor Baldayev (Healthy), Juuso Ikonen (Healthy), Michael Downing (Healthy), Kyle Platzer (Healthy), Connor Honey (Healthy)
Anton Zlobin (Healthy), Mitchell Heard (Healthy), Tim Bozon (Healthy), Igor Bobkov (Healthy), François Brassard (Healthy)
% Time on Ice - Saguenéens
Lines # - Real PCT - Wanted PCT - Time Play
Normal Forward
1 - 36% - 40% - 17:30
2 - 25% - 30% - 12:20
3 - 21% - 20% - 10:22
4 - 18% - 10% - 8:36
Normal Defense
1 - 38% - 40% - 18:30
2 - 30% - 30% - 14:31
3 - 29% - 20% - 14:07
4 - 3% - 10% - 1:40
PP Forward
1 - 49% - 60% - 2:33
2 - 51% - 40% - 2:42
PP Defense
1 - 70% - 60% - 3:39
2 - 30% - 40% - 1:36
PK Forward
1 - 76% - 60% - 4:32
2 - 24% - 40% - 1:25
PK Defense
1 - 56% - 60% - 3:21
2 - 44% - 40% - 2:36
PK3 Forward
1 - 0% - 60%
2 - 0% - 40%
PK3 Defense
1 - 0% - 60%
2 - 0% - 40%
44 Forward
1 - 0% - 60%
2 - 0% - 40%
44 Defense
1 - 0% - 60%
2 - 0% - 40%
Last Minute Offensive - 0:00
Last Minute Defensive - 0:00
Total
Forward - 60:00
Defense - 60:00
|
% Time on Ice - Remparts
Lines # - Real PCT - Wanted PCT - Time Play
Normal Forward
1 - 34% - 40% - 16:46
2 - 27% - 30% - 13:19
3 - 20% - 20% - 9:43
4 - 18% - 10% - 9:00
Normal Defense
1 - 39% - 40% - 19:09
2 - 29% - 30% - 14:23
3 - 28% - 20% - 13:33
4 - 4% - 10% - 1:43
PP Forward
1 - 55% - 60% - 3:15
2 - 45% - 40% - 2:42
PP Defense
1 - 60% - 60% - 3:34
2 - 40% - 40% - 2:23
PK Forward
1 - 81% - 60% - 4:16
2 - 19% - 40% - 0:59
PK Defense
1 - 52% - 60% - 2:43
2 - 48% - 40% - 2:32
PK3 Forward
1 - 0% - 60%
2 - 0% - 40%
PK3 Defense
1 - 0% - 60%
2 - 0% - 40%
44 Forward
1 - 0% - 60%
2 - 0% - 40%
44 Defense
1 - 0% - 60%
2 - 0% - 40%
Last Minute Offensive - 0:00
Last Minute Defensive - 0:00
Total
Forward - 60:00
Defense - 60:00
|
Play-by-Play
1st period
0:01 of 1st period - Nathan MacKinnon wins face-off versus Max Reinhart in neutral zone.
0:12 of 1st period - Snap shot by Teemu Pulkkinen.
0:12 of 1st period - Stopped by Jason Missiaen with a rebound.
0:26 of 1st period - Dalton Prout is hit by Daniel Paille and loses puck.
0:33 of 1st period - Slapshot by Seth Jones.
0:33 of 1st period - Shot Blocked by Cédric Lalonde-McNicoll.
0:49 of 1st period - Snap shot by Kyle Brodziak.
0:49 of 1st period - Shot Blocked by Griffin Reinhart.
0:51 of 1st period - Wrist shot by Nick Mattson.
0:51 of 1st period - Stopped by Jason Missiaen without a rebound.
0:52 of 1st period - Chris Mueller wins face-off versus Mattias Janmark in Remparts zone.
0:56 of 1st period - Off-side.
0:57 of 1st period - Mattias Janmark wins face-off versus Chris Mueller in neutral zone.
1:48 of 1st period - Wrist shot by Cédric Lalonde-McNicoll.
1:48 of 1st period - Stopped by Martin Jones without a rebound.
1:49 of 1st period - Brandon Mashinter wins face-off versus Myles Bell in Saguenéens zone.
1:52 of 1st period - Slapshot by Nail Yakupov.
1:52 of 1st period - Stopped by Martin Jones with a rebound.
2:14 of 1st period - Michal Jordan is hit by Luke Witkowski and loses puck.
2:39 of 1st period - Daniel Paille is hit by Jake McCabe and loses puck.
2:46 of 1st period - Tobias Rieder is hit by Ryan Strome.
3:00 of 1st period - Slapshot by Nick Mattson.
3:00 of 1st period - Shot Misses the Net.
3:02 of 1st period - Wrist shot by Jerry D'Amigo.
3:02 of 1st period - Stopped by Jason Missiaen with a rebound.
3:22 of 1st period - Snap shot by Brandon Mashinter.
3:22 of 1st period - Stopped by Martin Jones without a rebound.
3:23 of 1st period - Brandon Mashinter wins face-off versus Nathan MacKinnon in Saguenéens zone.
3:37 of 1st period - Snap shot by Nail Yakupov.
3:37 of 1st period - Stopped by Martin Jones without a rebound.
3:38 of 1st period - Kerby Rychel wins face-off versus Max Reinhart in Saguenéens zone.
4:03 of 1st period - Luke Witkowski is hit by Daniel Paille.
5:09 of 1st period - Nick Paul is hit by Guillaume Desbiens and loses puck.
5:46 of 1st period - Slapshot by Brandon Gormley.
5:46 of 1st period - Stopped by Martin Jones without a rebound.
5:47 of 1st period - Kyle Brodziak wins face-off versus Brandon Mashinter in Saguenéens zone.
6:14 of 1st period - Wrist shot by Kyle Brodziak.
6:14 of 1st period - Stopped by Jason Missiaen with a rebound.
6:53 of 1st period - Icing by Daniel Paille.
6:54 of 1st period - Roberts Lipsbergs wins face-off versus Mattias Janmark in Remparts zone.
7:27 of 1st period - Wrist shot by Pontus Aberg.
7:27 of 1st period - Stopped by Martin Jones with a rebound.
8:07 of 1st period - Snap shot by Tobias Rieder.
8:07 of 1st period - Shot Blocked by Niklas Hansson.
8:09 of 1st period - Snap shot by Kerby Rychel.
8:09 of 1st period - Deflect By Juraj Mikus.
8:09 of 1st period - Shot Blocked by Pontus Aberg.
8:09 of 1st period - Puck is out of play.
8:10 of 1st period - Cédric Lalonde-McNicoll wins face-off versus Nathan MacKinnon in Remparts zone.
8:23 of 1st period - Slapshot by Nathan MacKinnon.
8:23 of 1st period - Deflect By Teemu Pulkkinen.
8:23 of 1st period - Shot Misses the Net.
8:23 of 1st period - Puck is out of play.
8:24 of 1st period - Juraj Mikus wins face-off versus Cédric Lalonde-McNicoll in Remparts zone.
9:18 of 1st period - Slapshot by Mattias Janmark.
9:18 of 1st period - Shot Misses the Net.
9:39 of 1st period - Wrist shot by Chris Mueller.
9:39 of 1st period - Stopped by Martin Jones without a rebound.
9:40 of 1st period - Max Reinhart wins face-off versus Kyle Brodziak in Saguenéens zone.
10:24 of 1st period - Snap shot by Guillaume Desbiens.
10:24 of 1st period - Stopped by Martin Jones without a rebound.
10:25 of 1st period - Nathan MacKinnon wins face-off versus Cédric Lalonde-McNicoll in Saguenéens zone.
10:50 of 1st period - Juraj Mikus is hit by Chris Mueller.
11:03 of 1st period - Snap shot by Justin Williams.
11:03 of 1st period - Stopped by Martin Jones without a rebound.
11:04 of 1st period - Nathan MacKinnon wins face-off versus Cédric Lalonde-McNicoll in Saguenéens zone.
12:39 of 1st period - Wrist shot by Juraj Mikus.
12:39 of 1st period - Stopped by Jason Missiaen with a rebound.
12:43 of 1st period - Snap shot by Tobias Rieder.
12:43 of 1st period - Deflect By Juraj Mikus.
12:43 of 1st period - Stopped by Jason Missiaen without a rebound.
12:44 of 1st period - Max Reinhart wins face-off versus Nathan MacKinnon in Remparts zone.
12:44 of 1st period - Max Reinhart is hit by Luke Witkowski.
12:56 of 1st period - Backhand shot by Nathan MacKinnon.
12:56 of 1st period - Stopped by Jason Missiaen with a rebound.
13:12 of 1st period - Snap shot by Jake McCabe.
13:12 of 1st period - Stopped by Jason Missiaen with a rebound.
13:14 of 1st period - Snap shot by Jake McCabe.
13:14 of 1st period - Deflect By Nick Paul.
13:14 of 1st period - Stopped by Jason Missiaen with a rebound.
13:16 of 1st period - Snap shot by Jerry D'Amigo.
13:16 of 1st period - Stopped by Jason Missiaen with a rebound.
14:05 of 1st period - Snap shot by Nail Yakupov.
14:05 of 1st period - Shot Blocked by Bobby Sanguinetti.
14:39 of 1st period - Minor Penalty to Roberts Lipsbergs for Hooking.
14:40 of 1st period - Max Reinhart wins face-off versus Nathan MacKinnon in Remparts zone.
15:45 of 1st period - Teemu Pulkkinen is hit by Erik Gustafsson and loses puck.
16:14 of 1st period - Daniel Paille is hit by Nathan MacKinnon and loses puck.
16:39 of 1st period - Penalty to Roberts Lipsbergs is over, Roberts Lipsbergs is back on ice.
18:40 of 1st period - Rhett Rakhshani is hit by Daniel Paille.
18:50 of 1st period - Teemu Pulkkinen is hit by Max Reinhart and loses puck.
19:14 of 1st period - Slapshot by Luke Witkowski.
19:14 of 1st period - Goal by Luke Witkowski - Saguenéens : 1 - Remparts : 0.
19:15 of 1st period - Max Reinhart wins face-off versus Juraj Mikus in neutral zone.
19:27 of 1st period - Slapshot by Bobby Sanguinetti.
19:27 of 1st period - Shot Misses the Net.
19:29 of 1st period - Snap shot by Juraj Mikus.
19:29 of 1st period - Shot Blocked by Max Reinhart.
19:31 of 1st period - Wrist shot by Tobias Rieder.
19:31 of 1st period - Deflect By Juraj Mikus.
19:31 of 1st period - Goal by Juraj Mikus - Saguenéens : 2 - Remparts : 0.
19:32 of 1st period - Nathan MacKinnon wins face-off versus Max Reinhart in neutral zone.
19:45 of 1st period - Snap shot by Guillaume Desbiens.
19:45 of 1st period - Stopped by Martin Jones without a rebound.
19:46 of 1st period - Nathan MacKinnon wins face-off versus Cédric Lalonde-McNicoll in Saguenéens zone.
19:46 of 1st period - Nathan MacKinnon is hit by Cédric Lalonde-McNicoll.
Goals for this period are 2 for Saguenéens vs 0 for Remparts.
Shots for this period are 12 for Saguenéens vs 10 for Remparts.
2nd period
0:01 of 2nd period - Max Reinhart wins face-off versus Nathan MacKinnon in neutral zone.
0:04 of 2nd period - Slapshot by Brandon Gormley.
0:04 of 2nd period - Shot Misses the Net.
0:06 of 2nd period - Snap shot by Pontus Aberg.
0:06 of 2nd period - Stopped by Martin Jones with a rebound.
0:08 of 2nd period - Slapshot by Guillaume Desbiens.
0:08 of 2nd period - Shot Blocked by Nathan MacKinnon.
0:10 of 2nd period - Slapshot by Erik Gustafsson.
0:10 of 2nd period - Shot Blocked by Dalton Prout.
0:12 of 2nd period - Snap shot by Pontus Aberg.
0:12 of 2nd period - Shot Hit the Post.
0:14 of 2nd period - Snap shot by Pontus Aberg.
0:14 of 2nd period - Stopped by Martin Jones without a rebound.
0:15 of 2nd period - Juraj Mikus wins face-off versus Cédric Lalonde-McNicoll in Saguenéens zone.
0:17 of 2nd period - Minor Penalty to Kerby Rychel for Hooking.
0:18 of 2nd period - Max Reinhart wins face-off versus Kyle Brodziak in Saguenéens zone.
0:24 of 2nd period - Snap shot by Guillaume Desbiens.
0:24 of 2nd period - Shot Misses the Net.
0:26 of 2nd period - Snap shot by Brandon Gormley.
0:26 of 2nd period - Stopped by Martin Jones without a rebound.
0:27 of 2nd period - Max Reinhart wins face-off versus Luke Witkowski in Saguenéens zone.
0:54 of 2nd period - Slapshot by Brandon Gormley.
0:54 of 2nd period - Stopped by Martin Jones with a rebound.
0:56 of 2nd period - Slapshot by Brandon Gormley.
0:56 of 2nd period - Shot Misses the Net.
0:58 of 2nd period - Slapshot by Daniel Paille.
0:58 of 2nd period - Shot Misses the Net.
1:00 of 2nd period - Snap shot by Ryan Strome.
1:00 of 2nd period - Stopped by Martin Jones with a rebound.
1:02 of 2nd period - Slapshot by Erik Gustafsson.
1:02 of 2nd period - Shot Misses the Net.
2:17 of 2nd period - Penalty to Kerby Rychel is over, Kerby Rychel is back on ice.
2:33 of 2nd period - Jerry D'Amigo is hit by Brandon Mashinter and loses puck.
3:18 of 2nd period - Cédric Lalonde-McNicoll is hit by Nick Paul and loses puck.
3:35 of 2nd period - Brandon Mashinter is hit by Kerby Rychel and loses puck.
4:18 of 2nd period - Slapshot by Guillaume Desbiens.
4:18 of 2nd period - Shot Blocked by Jerry D'Amigo.
4:20 of 2nd period - Slapshot by Erik Gustafsson.
4:20 of 2nd period - Deflect By Bobby Sanguinetti.
4:20 of 2nd period - Stopped by Martin Jones with a rebound.
4:22 of 2nd period - Wrist shot by Max Reinhart.
4:22 of 2nd period - Deflect By Guillaume Desbiens.
4:22 of 2nd period - Shot Misses the Net.
4:22 of 2nd period - Puck is out of play.
4:23 of 2nd period - Cédric Lalonde-McNicoll wins face-off versus Mattias Janmark in Saguenéens zone.
4:30 of 2nd period - Snap shot by Daniel Paille.
4:30 of 2nd period - Deflect By Ryan Strome.
4:30 of 2nd period - Stopped by Martin Jones with a rebound.
4:32 of 2nd period - Wrist shot by Ryan Strome.
4:32 of 2nd period - Stopped by Martin Jones with a rebound.
4:34 of 2nd period - Slapshot by Griffin Reinhart.
4:34 of 2nd period - Stopped by Martin Jones with a rebound.
4:36 of 2nd period - Slapshot by Cédric Lalonde-McNicoll.
4:36 of 2nd period - Shot Misses the Net.
4:38 of 2nd period - Slapshot by Michal Jordan.
4:38 of 2nd period - Shot Misses the Net.
4:44 of 2nd period - Minor Penalty to Nick Mattson for Hooking.
4:45 of 2nd period - Max Reinhart wins face-off versus Kyle Brodziak in Saguenéens zone.
5:19 of 2nd period - Seth Jones is hit by Ryan Strome and loses puck.
6:44 of 2nd period - Penalty to Nick Mattson is over, Nick Mattson is back on ice.
6:55 of 2nd period - Snap shot by Bobby Sanguinetti.
6:55 of 2nd period - Stopped by Jason Missiaen without a rebound.
6:56 of 2nd period - Mattias Janmark wins face-off versus Brandon Mashinter in Remparts zone.
7:43 of 2nd period - Snap shot by Nail Yakupov.
7:43 of 2nd period - Stopped by Martin Jones with a rebound.
7:45 of 2nd period - Wrist shot by Brandon Mashinter.
7:45 of 2nd period - Goal by Brandon Mashinter - Saguenéens : 2 - Remparts : 1.
7:46 of 2nd period - Juraj Mikus wins face-off versus Guillaume Desbiens in neutral zone.
7:51 of 2nd period - Erik Gustafsson is hit by Kerby Rychel and loses puck.
8:18 of 2nd period - Backhand shot by Rhett Rakhshani.
8:18 of 2nd period - Shot Misses the Net.
8:38 of 2nd period - Snap shot by Guillaume Desbiens.
8:38 of 2nd period - Shot Blocked by Bobby Sanguinetti.
8:40 of 2nd period - Slapshot by Pontus Aberg.
8:40 of 2nd period - Shot Misses the Net.
8:42 of 2nd period - Slapshot by Brandon Gormley.
8:42 of 2nd period - Shot Misses the Net.
8:44 of 2nd period - Wrist shot by Max Reinhart.
8:44 of 2nd period - Shot Blocked by Bobby Sanguinetti.
8:46 of 2nd period - Slapshot by Brandon Gormley.
8:46 of 2nd period - Stopped by Martin Jones with a rebound.
8:50 of 2nd period - Wrist shot by Guillaume Desbiens.
8:50 of 2nd period - Shot Blocked by Teemu Pulkkinen.
8:52 of 2nd period - Snap shot by Pontus Aberg.
8:52 of 2nd period - Shot Misses the Net.
8:54 of 2nd period - Wrist shot by Brandon Gormley.
8:54 of 2nd period - Deflect By Teemu Pulkkinen.
8:54 of 2nd period - Stopped by Martin Jones without a rebound.
8:55 of 2nd period - Kerby Rychel wins face-off versus Cédric Lalonde-McNicoll in Saguenéens zone.
9:00 of 2nd period - Kerby Rychel is hit by Daniel Paille and loses puck.
9:21 of 2nd period - Matt Puempel is hit by Teemu Pulkkinen and loses puck.
10:36 of 2nd period - Wrist shot by Daniel Paille.
10:36 of 2nd period - Stopped by Martin Jones with a rebound.
10:42 of 2nd period - Jerry D'Amigo is hit by Daniel Paille and loses puck.
10:59 of 2nd period - Snap shot by Jerry D'Amigo.
10:59 of 2nd period - Goal by Jerry D'Amigo - Saguenéens : 3 - Remparts : 1.
11:00 of 2nd period - Nathan MacKinnon wins face-off versus Max Reinhart in neutral zone.
11:11 of 2nd period - Wrist shot by Nathan MacKinnon.
11:11 of 2nd period - Shot Misses the Net.
11:13 of 2nd period - Snap shot by Bobby Sanguinetti.
11:13 of 2nd period - Deflect By Teemu Pulkkinen.
11:13 of 2nd period - Shot Misses the Net.
11:13 of 2nd period - Puck is out of play.
11:14 of 2nd period - Max Reinhart wins face-off versus Juraj Mikus in Remparts zone.
11:14 of 2nd period - Max Reinhart is hit by Juraj Mikus.
11:20 of 2nd period - Slapshot by Brandon Gormley.
11:20 of 2nd period - Shot Misses the Net.
11:31 of 2nd period - Minor Penalty to Kerby Rychel for Holding.
11:32 of 2nd period - Kyle Brodziak wins face-off versus Max Reinhart in Saguenéens zone.
11:41 of 2nd period - Slapshot by Brandon Gormley.
11:41 of 2nd period - Deflect By Guillaume Desbiens.
11:41 of 2nd period - Stopped by Martin Jones without a rebound.
11:42 of 2nd period - Max Reinhart wins face-off versus Kyle Brodziak in Saguenéens zone.
12:01 of 2nd period - Slapshot by Guillaume Desbiens.
12:01 of 2nd period - Stopped by Martin Jones without a rebound.
12:02 of 2nd period - Kyle Brodziak wins face-off versus Cédric Lalonde-McNicoll in Saguenéens zone.
12:02 of 2nd period - Kyle Brodziak is hit by Cédric Lalonde-McNicoll.
12:10 of 2nd period - Bobby Sanguinetti is hit by Daniel Paille.
12:33 of 2nd period - Slapshot by Brandon Gormley.
12:33 of 2nd period - Shot Misses the Net.
13:31 of 2nd period - Penalty to Kerby Rychel is over, Kerby Rychel is back on ice.
13:46 of 2nd period - Wrist shot by Bobby Sanguinetti.
13:46 of 2nd period - Stopped by Jason Missiaen with a rebound.
13:48 of 2nd period - Wrist shot by Luke Witkowski.
13:48 of 2nd period - Stopped by Jason Missiaen with a rebound.
14:20 of 2nd period - Nick Mattson is hit by Pontus Aberg and loses puck.
15:53 of 2nd period - Kyle Brodziak is hit by Daniel Paille and loses puck.
16:44 of 2nd period - Slapshot by Bobby Sanguinetti.
16:44 of 2nd period - Stopped by Jason Missiaen with a rebound.
16:56 of 2nd period - Snap shot by Cédric Lalonde-McNicoll.
16:56 of 2nd period - Stopped by Martin Jones with a rebound.
16:58 of 2nd period - Slapshot by Griffin Reinhart.
16:58 of 2nd period - Stopped by Martin Jones with a rebound.
17:26 of 2nd period - Jake McCabe is hit by Erik Gustafsson and loses puck.
17:49 of 2nd period - Icing by Justin Williams.
17:50 of 2nd period - Chris Mueller wins face-off versus Nathan MacKinnon in Remparts zone.
17:57 of 2nd period - Luke Witkowski is hit by Keaton Thompson and loses puck.
18:04 of 2nd period - Bobby Sanguinetti is hit by Justin Williams and loses puck.
18:23 of 2nd period - Brandon Gormley is hit by Luke Witkowski and loses puck.
18:32 of 2nd period - Slapshot by Nathan MacKinnon.
18:32 of 2nd period - Deflect By Teemu Pulkkinen.
18:32 of 2nd period - Shot Misses the Net.
18:32 of 2nd period - Puck is out of play.
18:33 of 2nd period - Max Reinhart wins face-off versus Juraj Mikus in Remparts zone.
18:33 of 2nd period - Max Reinhart is hit by Juraj Mikus.
19:21 of 2nd period - Snap shot by Erik Gustafsson.
19:21 of 2nd period - Stopped by Martin Jones with a rebound.
19:23 of 2nd period - Slapshot by Brandon Gormley.
19:23 of 2nd period - Stopped by Martin Jones without a rebound.
19:24 of 2nd period - Brandon Mashinter wins face-off versus Nathan MacKinnon in Saguenéens zone.
19:35 of 2nd period - Wrist shot by Brandon Mashinter.
19:35 of 2nd period - Stopped by Martin Jones with a rebound.
19:49 of 2nd period - Guillaume Desbiens is hit by Tobias Rieder and loses puck.
19:56 of 2nd period - Slapshot by Juraj Mikus.
19:56 of 2nd period - Stopped by Jason Missiaen with a rebound.
19:58 of 2nd period - Slapshot by Seth Jones.
19:58 of 2nd period - Shot Blocked by Michal Jordan.
Goals for this period are 1 for Saguenéens vs 1 for Remparts.
Shots for this period are 6 for Saguenéens vs 21 for Remparts.
3rd period
0:01 of 3rd period - Max Reinhart wins face-off versus Nathan MacKinnon in neutral zone.
0:58 of 3rd period - Snap shot by Ryan Strome.
0:58 of 3rd period - Stopped by Martin Jones with a rebound.
1:00 of 3rd period - Slapshot by Erik Gustafsson.
1:00 of 3rd period - Stopped by Martin Jones with a rebound.
1:02 of 3rd period - Slapshot by Brandon Gormley.
1:02 of 3rd period - Shot Blocked by Jake McCabe.
1:04 of 3rd period - Snap shot by Erik Gustafsson.
1:04 of 3rd period - Shot Blocked by Jerry D'Amigo.
1:08 of 3rd period - Slapshot by Ryan Strome.
1:08 of 3rd period - Stopped by Martin Jones with a rebound.
1:10 of 3rd period - Snap shot by Cédric Lalonde-McNicoll.
1:10 of 3rd period - Shot Blocked by Mattias Janmark.
1:12 of 3rd period - Slapshot by Erik Gustafsson.
1:12 of 3rd period - Shot Blocked by Seth Jones.
1:20 of 3rd period - Slapshot by Cédric Lalonde-McNicoll.
1:20 of 3rd period - Shot Misses the Net.
1:22 of 3rd period - Snap shot by Ryan Strome.
1:22 of 3rd period - Stopped by Martin Jones without a rebound.
1:23 of 3rd period - Nathan MacKinnon wins face-off versus Max Reinhart in Saguenéens zone.
1:50 of 3rd period - Nail Yakupov is hit by Kerby Rychel and loses puck.
2:13 of 3rd period - Wrist shot by Myles Bell.
2:13 of 3rd period - Shot Blocked by Niklas Hansson.
2:15 of 3rd period - Slapshot by Nick Mattson.
2:15 of 3rd period - Deflect By Chris Mueller.
2:15 of 3rd period - Stopped by Jason Missiaen without a rebound.
2:16 of 3rd period - Teemu Pulkkinen wins face-off versus Max Reinhart in Remparts zone.
2:38 of 3rd period - Icing by Dalton Prout.
2:39 of 3rd period - Brandon Mashinter wins face-off versus Juraj Mikus in Saguenéens zone.
2:44 of 3rd period - Slapshot by Brandon Gormley.
2:44 of 3rd period - Shot Blocked by Bobby Sanguinetti.
2:46 of 3rd period - Slapshot by Erik Gustafsson.
2:46 of 3rd period - Deflect By Brandon Mashinter.
2:46 of 3rd period - Shot Misses the Net.
2:46 of 3rd period - Puck is out of play.
2:47 of 3rd period - Max Reinhart wins face-off versus Nathan MacKinnon in Saguenéens zone.
2:48 of 3rd period - Wrist shot by Guillaume Desbiens.
2:48 of 3rd period - Stopped by Martin Jones with a rebound.
3:09 of 3rd period - Icing by Max Reinhart.
3:10 of 3rd period - Cédric Lalonde-McNicoll wins face-off versus Juraj Mikus in Remparts zone.
3:15 of 3rd period - Snap shot by Daniel Paille.
3:15 of 3rd period - Stopped by Martin Jones with a rebound.
3:39 of 3rd period - Wrist shot by Guillaume Desbiens.
3:39 of 3rd period - Deflect By Max Reinhart.
3:39 of 3rd period - Shot Misses the Net.
3:39 of 3rd period - Puck is out of play.
3:40 of 3rd period - Nathan MacKinnon wins face-off versus Max Reinhart in Saguenéens zone.
3:45 of 3rd period - Slapshot by Guillaume Desbiens.
3:45 of 3rd period - Stopped by Martin Jones with a rebound.
3:48 of 3rd period - Icing by Dalton Prout.
3:49 of 3rd period - Nathan MacKinnon wins face-off versus Max Reinhart in Saguenéens zone.
4:10 of 3rd period - Snap shot by Teemu Pulkkinen.
4:10 of 3rd period - Shot Misses the Net.
4:12 of 3rd period - Slapshot by Bobby Sanguinetti.
4:12 of 3rd period - Shot Blocked by Griffin Reinhart.
4:14 of 3rd period - Slapshot by Bobby Sanguinetti.
4:14 of 3rd period - Deflect By Luke Witkowski.
4:14 of 3rd period - Shot Blocked by Griffin Reinhart.
4:14 of 3rd period - Puck is out of play.
4:15 of 3rd period - Juraj Mikus wins face-off versus Cédric Lalonde-McNicoll in Remparts zone.
4:24 of 3rd period - Backhand shot by Brandon Gormley.
4:24 of 3rd period - Stopped by Martin Jones without a rebound.
4:25 of 3rd period - Cédric Lalonde-McNicoll wins face-off versus Juraj Mikus in Saguenéens zone.
4:31 of 3rd period - Off-side.
4:32 of 3rd period - Max Reinhart wins face-off versus Nathan MacKinnon in neutral zone.
5:10 of 3rd period - Daniel Paille is hit by Bobby Sanguinetti and loses puck.
5:33 of 3rd period - Jake McCabe is hit by Matt Puempel and loses puck.
6:04 of 3rd period - Niklas Hansson is hit by Teemu Pulkkinen and loses puck.
6:30 of 3rd period - Snap shot by Justin Williams.
6:30 of 3rd period - Deflect By Chris Mueller.
6:30 of 3rd period - Stopped by Martin Jones with a rebound.
6:48 of 3rd period - Kyle Brodziak is hit by Justin Williams and loses puck.
6:55 of 3rd period - Justin Williams is hit by Dalton Prout and loses puck.
7:12 of 3rd period - Snap shot by Justin Williams.
7:12 of 3rd period - Stopped by Martin Jones without a rebound.
7:13 of 3rd period - Nathan MacKinnon wins face-off versus Max Reinhart in Saguenéens zone.
7:18 of 3rd period - Slapshot by Luke Witkowski.
7:18 of 3rd period - Goal by Luke Witkowski - Saguenéens : 4 - Remparts : 1.
7:19 of 3rd period - Nathan MacKinnon wins face-off versus Max Reinhart in neutral zone.
7:25 of 3rd period - Snap shot by Nathan MacKinnon.
7:25 of 3rd period - Stopped by Jason Missiaen with a rebound.
8:00 of 3rd period - Minor Penalty to Daniel Paille for Roughing.
8:01 of 3rd period - Nathan MacKinnon wins face-off versus Max Reinhart in Remparts zone.
9:17 of 3rd period - Wrist shot by Juraj Mikus.
9:17 of 3rd period - Goal by Juraj Mikus - Saguenéens : 5 - Remparts : 1.
9:17 of 3rd period - Tyler Plante enters game.
9:18 of 3rd period - Guillaume Desbiens wins face-off versus Nathan MacKinnon in neutral zone.
9:21 of 3rd period - Snap shot by Max Reinhart.
9:21 of 3rd period - Shot Misses the Net.
10:49 of 3rd period - Nick Mattson is hit by Roberts Lipsbergs.
11:33 of 3rd period - Wrist shot by Michal Jordan.
11:33 of 3rd period - Deflect By Nail Yakupov.
11:33 of 3rd period - Goal by Nail Yakupov - Saguenéens : 5 - Remparts : 2.
11:34 of 3rd period - Max Reinhart wins face-off versus Nathan MacKinnon in neutral zone.
12:07 of 3rd period - Off-side.
12:08 of 3rd period - Juraj Mikus wins face-off versus Max Reinhart in neutral zone.
12:16 of 3rd period - Snap shot by Guillaume Desbiens.
12:16 of 3rd period - Shot Misses the Net.
12:20 of 3rd period - Wrist shot by Max Reinhart.
12:20 of 3rd period - Shot Blocked by Tobias Rieder.
12:22 of 3rd period - Wrist shot by Max Reinhart.
12:22 of 3rd period - Stopped by Martin Jones without a rebound.
12:23 of 3rd period - Nathan MacKinnon wins face-off versus Cédric Lalonde-McNicoll in Saguenéens zone.
13:14 of 3rd period - Kyle Brodziak is hit by Nail Yakupov and loses puck.
13:38 of 3rd period - Icing by Ryan Strome.
13:39 of 3rd period - Cédric Lalonde-McNicoll wins face-off versus Nathan MacKinnon in Remparts zone.
13:46 of 3rd period - Snap shot by Nathan MacKinnon.
13:46 of 3rd period - Stopped by Tyler Plante with a rebound.
13:53 of 3rd period - Off-side.
13:54 of 3rd period - Max Reinhart wins face-off versus Juraj Mikus in neutral zone.
14:21 of 3rd period - Luke Witkowski is hit by Brandon Gormley and loses puck.
15:06 of 3rd period - Wrist shot by Griffin Reinhart.
15:06 of 3rd period - Stopped by Martin Jones without a rebound.
15:07 of 3rd period - Nathan MacKinnon wins face-off versus Chris Mueller in Saguenéens zone.
15:16 of 3rd period - Wrist shot by Teemu Pulkkinen.
15:16 of 3rd period - Stopped by Tyler Plante without a rebound.
15:17 of 3rd period - Pontus Aberg wins face-off versus Luke Witkowski in Remparts zone.
15:44 of 3rd period - Wrist shot by Tobias Rieder.
15:44 of 3rd period - Shot Misses the Net.
15:49 of 3rd period - Off-side.
15:50 of 3rd period - Max Reinhart wins face-off versus Juraj Mikus in neutral zone.
16:01 of 3rd period - Wrist shot by Max Reinhart.
16:01 of 3rd period - Deflect By Pontus Aberg.
16:01 of 3rd period - Stopped by Martin Jones with a rebound.
16:03 of 3rd period - Slapshot by Griffin Reinhart.
16:03 of 3rd period - Shot Blocked by Bobby Sanguinetti.
16:05 of 3rd period - Slapshot by Michal Jordan.
16:05 of 3rd period - Stopped by Martin Jones without a rebound.
16:06 of 3rd period - Cédric Lalonde-McNicoll wins face-off versus Nathan MacKinnon in Saguenéens zone.
16:41 of 3rd period - Wrist shot by Kyle Brodziak.
16:41 of 3rd period - Goal by Kyle Brodziak - Saguenéens : 6 - Remparts : 2.
16:42 of 3rd period - Luke Witkowski wins face-off versus Max Reinhart in neutral zone.
16:47 of 3rd period - Wrist shot by Teemu Pulkkinen.
16:47 of 3rd period - Stopped by Tyler Plante with a rebound.
16:49 of 3rd period - Slapshot by Bobby Sanguinetti.
16:49 of 3rd period - Stopped by Tyler Plante with a rebound.
16:51 of 3rd period - Snap shot by Teemu Pulkkinen.
16:51 of 3rd period - Deflect By Nathan MacKinnon.
16:51 of 3rd period - Shot Misses the Net.
16:51 of 3rd period - Puck is out of play.
16:52 of 3rd period - Max Reinhart wins face-off versus Nathan MacKinnon in Remparts zone.
17:10 of 3rd period - Minor Penalty to Erik Gustafsson for Hooking.
17:11 of 3rd period - Nathan MacKinnon wins face-off versus Max Reinhart in Remparts zone.
17:27 of 3rd period - Snap shot by Teemu Pulkkinen.
17:27 of 3rd period - Shot Blocked by Niklas Hansson.
17:47 of 3rd period - Snap shot by Juraj Mikus.
17:47 of 3rd period - Shot Misses the Net.
18:37 of 3rd period - Nathan MacKinnon is hit by Ryan Strome and loses puck.
19:10 of 3rd period - Penalty to Erik Gustafsson is over, Erik Gustafsson is back on ice.
19:19 of 3rd period - Wrist shot by Rhett Rakhshani.
19:19 of 3rd period - Shot Misses the Net.
19:21 of 3rd period - Snap shot by Kyle Brodziak.
19:21 of 3rd period - Shot Misses the Net.
19:23 of 3rd period - Snap shot by Myles Bell.
19:23 of 3rd period - Stopped by Tyler Plante without a rebound.
19:24 of 3rd period - Max Reinhart wins face-off versus Kyle Brodziak in Remparts zone.
19:39 of 3rd period - Rhett Rakhshani is hit by Guillaume Desbiens and loses puck.
19:50 of 3rd period - Erik Gustafsson is hit by Jerry D'Amigo.
19:53 of 3rd period - Off-side.
19:54 of 3rd period - Mattias Janmark wins face-off versus Cédric Lalonde-McNicoll in neutral zone.
Goals for this period are 3 for Saguenéens vs 1 for Remparts.
Shots for this period are 10 for Saguenéens vs 15 for Remparts.
Back to the Top